Map: Année zéro EC

Players

Uzikoti - Winner!

  • Race: Terran Terran
  • League: Master
  • Spawn Location: 1:00

Lambo

  • Race: Zerg Zerg
  • League: Master
  • Spawn Location: 11:00

VOD

Have the link to the VOD?

Description

Time

  • Played on: Jan. 23, 2019, 12:28 p.m.
  • Length: 3:42
Show
View Real Time Build Order
Export as new Build Order

Uzikoti Terran - Winner!

Build Orders:  

Get SALT Encoding   

  12  0:01  SCV  
  13  0:13  SCV  
  14  0:19  Supply Depot  
  14  0:25  SCV  
  15  0:42  Barracks  
  15  0:55  Barracks  
  15  1:06  Barracks  
  15  1:09  SCV  
  16  1:28  Orbital Command  
  16  1:29  Marine  
  17  1:43  Marine  
  17  1:47  Marine  
  18  1:53  Marine  
  20  1:55  Supply Depot  
  20  2:00  Marine  
  21  2:04  Marine  
  22  2:11  Marine  
  23  2:18  Marine  
  23  2:22  Marine  
  24  2:29  Marine  
  26  2:36  Marine  
  11  3:21  Marine  
Show
View Real Time Build Order
Export as new Build Order

Lambo Zerg 

Build Orders: Hatch First 

Get SALT Encoding   

  12  0:01  Drone  
  13  0:13  Overlord  
  13  0:18  Drone  
  14  0:31  Drone x2  
  16  0:49  Hatchery  
  15  0:52  Drone  
  15  0:56  Drone  
  17  1:01  Drone  
  18  1:10  Extractor  
  17  1:15  Spawning Pool  
  16  1:18  Drone  
  16  1:22  Drone  
  18  1:29  Drone  
  19  1:41  Drone  
  20  1:58  Overlord  
  20  2:02  Zergling x2, Spine Crawler  
  20  2:03  Zergling x2  
  20  2:05  Queen  
  23  2:16  Zergling x2  
  23  2:17  Zergling x2  
  23  2:22  Zergling x2  
  26  2:27  Zergling x2  
  27  2:33  Zergling x2  
  25  2:42  Spine Crawler  
  24  2:56  Drone x2  
  26  3:02  Queen  
  25  3:07  Zergling x2  
Tags
 
Matchup
TvZ
Player
Lambo
Spawn Locations
Close Positions
Add a new tag
Caveats
  • Supply blocks, unpowered buildings, or Contaminate may cause inaccurate times.
  • Supply counts are checked every 10 seconds.